 Dungeon Crawl Stone Soup version 0.21-a0-88-g13b9641 (webtiles) character file.

109 grindst0ne the Skirmisher (level 4, 0/37 HPs)
             Began as a Demonspawn Berserker on June 27, 2017.
             Was a Believer of Trog.
             Slain by a gnoll
             ... wielding a +0 spear
              (3 damage)
             ... on level 3 of the Dungeon.
             The game lasted 00:04:26 (2445 turns).

grindst0ne the Skirmisher (Demonspawn Berserker)    Turns: 2445, Time: 00:04:27

Health: 0/37       AC:  7    Str: 17    XL:     4   Next: 59%
Magic:  13/13      EV: 11    Int: 13    God:    Trog [**....]
Gold:   137        SH:  0    Dex: 14    Spells: 3/3 levels left

rFire    . . .     SeeInvis .   a - +0 hand axe
rCold    . . .     Gourm    .   (no shield)
rNeg     . . .     Faith    .   e - +0 ring mail
rPois    .         Spirit   .   (helmet restricted)
rElec    .         Reflect  .   (no cloak)
rCorr    .         Harm     .   (no gloves)
MR       .....                  (no boots)
Stlth    +.........             (no amulet)
HPRegen  0.12/turn              d - ring of magical power
MPRegen  0.13/turn              (no ring)

@: brilliant
A: horns 1, icy blue scales 1
a: Berserk, Trog's Hand, Burn Spellbooks, Renounce Religion


You were on level 3 of the Dungeon.
You worshipped Trog.
Trog was pleased with you.
You were not hungry.

You visited 1 branch of the dungeon, and saw 3 of its levels.

You collected 137 gold pieces.

Inventory:

Hand Weapons
 a - a +0 hand axe (weapon)
Armour
 b - a +0 animal skin
 e - a +0 ring mail (worn)
 f - a cursed +0 helmet
Jewellery
 d - a ring of magical power (left hand)
Wands
 j - a wand of disintegration (4/24)
Scrolls
 g - 2 scrolls of identify {unknown}
 m - a scroll of teleportation {unknown}
 o - a scroll of remove curse {unknown}
 p - a scroll of enchant weapon {unknown}
Comestibles
 c - 2 bread rations
 h - 2 royal jellies
 l - 8 chunks of flesh


   Skills:
 + Level 4.0 Fighting
 + Level 3.3 Axes
 + Level 3.1 Armour
 - Level 1.7 Dodging


You had 3 spell levels left.
You didn't know any spells.

Dungeon Overview and Level Annotations

Branches:
Dungeon (3/15)

Altars:
Nemelex Xobeh
Ru
Trog

Portals:
Sewer: D:3


Innate Abilities, Weirdness & Mutations

You have a pair of small horns on your head.
You are partially covered in icy blue scales. (AC +2)


Message History

You hit the adder. Your headbutt misses the adder.
The adder is severely wounded.
The adder bites you but does no damage.
You hit the adder.
You kill the adder!
Trog accepts your kill.
You feel sick.
Okay, then.
You feel sick.
You feel sick.
You feel sick.
You feel sick.
You are no longer poisoned.
The giant cockroach barely misses you.
You closely miss the giant cockroach. The giant cockroach misses you.
You closely miss the giant cockroach.
Your headbutt misses the giant cockroach.
The giant cockroach misses you.
The gnoll hits you from afar with a spear.
You die...

#......# #.g....#
######......#
#....s.....##
##.############
#s#..........#
#g#.########.#
#s#.# #...# #@#.#
#.### #.#.# #.#
#.#.# #.# #.#.#
#.# #.#.# #.#
#.#.######.###.###
#.#.##............
#.#.#...##.###.###
#.#.#...##...#


You could see a gnoll and 2 giant cockroaches.

Vanquished Creatures
  2 adders
  2 oozes
  A worm (D:2)
  2 dart slugs (D:1)
  6 leopard geckos
  3 orcs (D:3)
  3 giant cockroaches
  5 goblins
  11 hobgoblins
  4 jackals
  9 kobolds
  2 ball pythons (D:2)
  5 bats
  2 frilled lizards
  5 rats
62 creatures vanquished.

Notes
Turn   | Place    | Note
-------+----------+-------------------------------------------
     0 | D:1      | grindst0ne the Demonspawn Berserker began the quest for the Orb.
     0 | D:1      | Reached XP level 1. HP: 18/18 MP: 1/1
   368 | D:1      | Gained mutation: You are partially covered in icy blue scales. (AC +2) [demonic ancestry]
   368 | D:1      | Reached XP level 2. HP: 24/24 MP: 2/2
   882 | D:1      | Reached XP level 3. HP: 27/29 MP: 3/3
  1620 | D:2      | Found a bloodstained altar of Trog.
  1655 | D:2      | Found a sacrificial altar of Ru.
  1671 | D:2      | Reached ** piety under Trog
  1795 | D:2      | Gained mutation: You have a pair of small horns on your head. [demonic ancestry]
  1795 | D:2      | Reached XP level 4. HP: 37/37 MP: 4/4
  2198 | D:3      | Found a sparkling altar of Nemelex Xobeh.
  2252 | D:3      | Reached skill level 4 in Fighting
  2396 | D:3      | Found a glowing drain.
  2445 | D:3      | Slain by a gnoll

Vault maps used:
D:1:      minmay_arrival_solitary_statue, serial_glass, glass_columns_a,
          glass_columns_c, serial_park_tiny_1
D:2:      nicolae_overflow_hidden_temple, nicolae_ru_great_annihilating_truth
D:3:      gup_sewer_entry_glass, first_bread, nemelex_xobeh_ov_fountains_minmay

Skill      XL: |  1  2  3  4 |
---------------+-------------+-----
Armour         | 2 3 |  3.1
Axes           | 3 |  3.3
Fighting       | 4 |  4.0
Dodging        | |  1.7

Action                   |  1- 3 |  4- 6 || total
-------------------------+-------+-------++-------
Melee: Hand axe          |   147 |    59 ||   206
       Headbutt          |       |    10 ||    10
  Use: Potion            |       |     2 ||     2
       Scroll            |       |     1 ||     1
 Stab: Paralysed         |     1 |       ||     1
  Eat: Chunk             |     3 |     2 ||     5
Armor: Ring mail         |    44 |    36 ||    80
       Animal skin       |     3 |       ||     3
Dodge: Dodged            |    84 |    69 ||   153
